 Dungeon Crawl Stone Soup version 0.20.1-1-g8b1a95d (webtiles) character file.

602 Knicklaso the Archer (level 7, -1/50 HPs)
             Began as a Human Hunter on July 21, 2017.
             Was a Follower of Zin.
             Slain by an orc
             ... wielding a +0 trident
              (5 damage)
             ... on level 4 of the Dungeon.
             The game lasted 00:14:40 (4581 turns).

Knicklaso the Archer (Human Hunter)                 Turns: 4581, Time: 00:14:41

Health: -1/50      AC:  3    Str: 18    XL:     7   Next: 69%
Magic:  9/9        EV: 12    Int: 13    God:    Zin [*.....]
Gold:   189        SH:  0    Dex: 13    Spells: 6/6 levels left

rFire    . . .     SeeInvis .   b - +0 short sword
rCold    . . .     Gourm    .   (no shield)
rNeg     . . .     Faith    .   c - +0 leather armour
rPois    .         Spirit   .   (no helmet)
rElec    .         Reflect  .   (no cloak)
rCorr    .         Harm     .   (no gloves)
MR       .....                  (no boots)
Stlth    +.........             (no amulet)
Regen    0.2/turn               (no ring)
MPRegen  0.2/turn               (no ring)

@: mighty
A: no striking features
a: Recite, Donate Gold, Renounce Religion


You were on level 4 of the Dungeon.
You worshipped Zin.
Zin was aware of your devotion.
You were not hungry.

You visited 1 branch of the dungeon, and saw 4 of its levels.

You collected 210 gold pieces.
You donated 21 gold pieces to Zin.

Inventory:

Hand Weapons
 a - a +1 shortbow
 b - a +0 short sword (weapon)
 i - a cursed -3 dagger
Missiles
 d - 19 arrows
Armour
 c - a +0 leather armour (worn)
Jewellery
 h - an uncursed amulet of rage {unknown}
Wands
 r - a wand of iceblast (11/15)
Scrolls
 e - 2 scrolls of enchant armour {unknown}
 g - a scroll of remove curse {unknown}
 j - 9 scrolls of identify {unknown}
 l - a scroll of random uselessness {unknown}
 u - 3 scrolls of fog {unknown}
Potions
 m - a potion of might
 n - a potion of agility {unknown}
 p - a potion of flight {unknown}
 q - a potion of ambrosia {unknown}
 s - a potion of cancellation {unknown}
 t - a potion of resistance {unknown}
Comestibles
 f - 5 bread rations
 k - a royal jelly
 o - a meat ration


   Skills:
 - Level 2.0 Fighting
 + Level 8.1 Bows
 - Level 2.0 Dodging
 - Level 1.0 Stealth
 + Level 3.2 Invocations


You had 6 spell levels left.
You didn't know any spells.

Dungeon Overview and Level Annotations

Branches:
Dungeon (4/15)             Temple (0/1) D:4

Altars:
Hepliaklqana
Zin


Message History

The orc barely misses you.
You hit the orc wizard.
The orc wizard is almost dead.
The orc barely misses you. The orc wizard hits you with a dagger.
The orc hits you with a trident.
* * * LOW HITPOINT WARNING * * *
You hit the orc wizard.
You kill the orc wizard!
The orc closely misses you. The orc hits you with a trident.
* * * LOW HITPOINT WARNING * * *
The orc zaps a wand.
You resist with some effort.
It is a wand of polymorph (?/24).
Items here: ( ) [ † a dagger; a robe; an arrow; an orc corpse The orc barely misses you.
You feel very mighty all of a sudden. The orc hits you with a dagger.
* * * LOW HITPOINT WARNING * * *
The orc hits you from afar with a trident.
You die...

.....# .....##
#.......#.. ......#
##.......#. ........
..........#
....≈≈≈≈≈...((.....# #
..≈≈≈≈≈≈≈≈≈....#...#(#
≈≈≈≈≈≈≈≈≈≈≈≈≈(.....#.###
≈≈≈≈≈...≈≈≈≈≈≈(........#
≈≈≈≈≈.>.≈≈≈≈≈≈..@..#
≈≈≈≈≈...≈≈≈≈≈≈..o..# #
≈≈≈≈≈≈≈≈≈≈≈≈≈≈.o...#.#.#
≈≈≈≈≈≈≈≈≈≈≈≈≈..#.#+#.#.#
..≈≈≈≈≈≈≈≈≈....#.......#
....≈≈≈≈≈......#.......#
...............#.......#
#####.)................#
#................#.#


You could see 2 orcs.

Vanquished Creatures
  The ghost of Heedrag the Destroyer, an amateur DECj (D:4)
  A phantom (D:4)
  The ghost of sheala the Ducker, a weakling DEEn (D:3)
  A bullfrog skeleton (D:3)
  A hound (D:4)
  An orc wizard (D:4)
  4 gnolls (D:2)
  12 adders
  3 oozes
  A worm (D:2)
  4 dart slugs
  A leopard gecko (D:4)
  An orc (D:4)
  5 giant cockroaches
  9 goblins
  4 hobgoblins
  6 jackals
  10 kobolds
  A quokka (D:3)
  A ball python (D:2)
  4 bats (D:1)
  10 frilled lizards
  6 rats
88 creatures vanquished.

Notes
Turn   | Place    | Note
-------+----------+-------------------------------------------
     0 | D:1      | Knicklaso the Human Hunter began the quest for the Orb.
     0 | D:1      | Reached XP level 1. HP: 16/16 MP: 1/1
   185 | D:1      | Reached XP level 2. HP: 19/22 MP: 2/2
   407 | D:1      | Reached XP level 3. HP: 27/27 MP: 3/3
   536 | D:1      | Reached skill level 5 in Bows
  1038 | D:2      | Reached XP level 4. HP: 32/33 MP: 4/4
  1195 | D:2      | Found a hazy altar of Hepliaklqana.
  1360 | D:2      | Reached skill level 6 in Bows
  1360 | D:2      | Reached XP level 5. HP: 36/38 MP: 5/5
  2538 | D:2      | Reached XP level 6. HP: 17/44 MP: 6/6
  2847 | D:3      | Noticed sheala's ghost (weakling DEEn)
  2867 | D:3      | Killed sheala's ghost
  2867 | D:3      | Reached skill level 7 in Bows
  3826 | D:3      | Found a glowing silver altar of Zin.
  3833 | D:3      | Became a worshipper of Zin the Law-Giver
  3833 | D:3      | Reached * piety under Zin
  4012 | D:4      | Found a staircase to the Ecumenical Temple.
  4019 | D:4      | Noticed Heedrag's ghost (amateur DECj)
  4112 | D:4      | Killed Heedrag's ghost
  4112 | D:4      | Reached XP level 7. HP: 46/50 MP: 6/8
  4507 | D:4      | Reached skill level 8 in Bows
  4581 | D:4      | Slain by an orc

Skill      XL: |  1  2  3  4  5  6  7 |
---------------+----------------------+-----
Bows           | 5 6 7 8 |  8.1
Invocations    | 2 3 |  3.2
Fighting       | |  2.0
Dodging        | |  2.0
Stealth        | |  1.0

Action                   |  1- 3 |  4- 6 |  7- 9 || total
-------------------------+-------+-------+-------++-------
Melee: Short sword       |    18 |   168 |    33 ||   219
 Fire: Shortbow          |    65 |   105 |    39 ||   209
  Use: Potion            |       |     4 |     1 ||     5
 Stab: Sleeping          |       |     2 |       ||     2
  Eat: Chunk             |       |    10 |     1 ||    11
Armor: Leather armour    |     5 |    40 |     6 ||    51
Dodge: Dodged            |    14 |   116 |    36 ||   166
